 Dungeon Crawl Stone Soup version 0.23-b1-6-ga921848b48 (webtiles) character file.

Game seed: 11397571082543020099

1309 Kisielow the Carver (level 8, -1/70 HPs)
             Began as a Minotaur Fighter on Feb 1, 2019.
             Slain by an ogre
             ... wielding a +0 giant club
              (27 damage)
             ... on level 6 of the Dungeon.
             The game lasted 00:06:22 (4439 turns).

Kisielow the Carver (Minotaur Fighter)              Turns: 4439, Time: 00:06:22

Health: -1/70      AC:  7    Str: 23    XL:     8   Next: 32%
Magic:  7/7        EV:  8    Int:  5    God:
Gold:   234        SH: 11    Dex: 10    Spells: 7/7 levels left

rFire    . . .     SeeInvis .   a - +1 long sword
rCold    . . .     Gourm    .   c - +1 shield
rNeg     . . .     Faith    .   b - +0 scale mail
rPois    .         Spirit   .   (helmet restricted)
rElec    .         Reflect  .   (no cloak)
rCorr    .         Harm     .   (no gloves)
MR       .....                  (no boots)
Stlth    ..........             (no amulet)
HPRegen  0.21/turn              (no ring)
MPRegen  0.10/turn              (no ring)

@: no status effects
A: retaliatory headbutt, horns 2
a: no special abilities


You were on level 6 of the Dungeon.
You were not hungry.

You visited 1 branch of the dungeon, and saw 6 of its levels.

You collected 234 gold pieces.

Inventory:

Hand Weapons
 a - a +1 long sword (weapon)
Armour
 b - a +0 scale mail (worn)
 c - a +1 shield (worn)
Jewellery
 r - an uncursed ring of resist corrosion {unknown}
Scrolls
 e - 3 scrolls of enchant armour
 g - a scroll of fear {unknown}
 m - 3 scrolls of teleportation
 n - a scroll of noise {unknown}
 q - a scroll of remove curse
Potions
 d - 2 potions of might
 h - 3 potions of lignification
 i - 2 potions of haste {unknown}
 j - 2 potions of brilliance {unknown}
 k - 2 potions of curing
 l - a potion of resistance {unknown}
 o - a potion of flight {unknown}
 p - a potion of mutation {unknown}
 s - a potion of agility {unknown}
Comestibles
 f - 11 rations
 t - 2 chunks of flesh


   Skills:
 + Level 6.2 Fighting
 * Level 8.8 Long Blades
 + Level 6.1 Armour
 + Level 6.2 Shields


You had 7 spell levels left.
You didn't know any spells.
Your spell library contained the following spells:

 Spells                   Type           Power        Failure   Level  Hunger
 Animate Skeleton         Necr           N/A          98%         1    ##.....
 Apportation              Tloc           #.....       98%         1    ##.....
 Confusing Touch          Hex            #.....       98%         1    ##.....
 Summon Small Mammal      Summ           #...         98%         1    ##.....


Dungeon Overview and Level Annotations

Branches:
Dungeon (6/15)
 Temple: D:4-7

Altars:
Gozag
Sif Muna
Vehumet
Yredelemnul


Innate Abilities, Weirdness & Mutations

You reflexively headbutt those who attack you in melee.
You have a pair of horns on your head.


Message History

The ogre hits you with a +0 giant club!!
You are too injured to fight recklessly!
You are too injured to fight recklessly!
You are too injured to fight recklessly!
You are too injured to fight recklessly!
You are too injured to fight recklessly!
You are too injured to fight recklessly!
You are too injured to fight recklessly!
You are too injured to fight recklessly!
You are too injured to fight recklessly!
You are too injured to fight recklessly!
You are too injured to fight recklessly!
You are too injured to fight recklessly!
You are too injured to fight recklessly!
You are too injured to fight recklessly!
You are too injured to fight recklessly!
You slash the ogre! You headbutt the ogre!
The ogre is almost dead.
The ogre hits you with a +0 giant club!!
You die...

#####.......##.....####.
#...........##..........
............##......###.
............'.........+>
............###..#...##.
............#....#...#..
..$.........#.#..#...#..
........#####.#..#......
......O@# #.#..#.#.#..
######...# #.#..#.#.#.#
...#.# #......#.#.# ###.
.. ####.#.#.#.# #. ...
#.......# #. ...#
#####.... #. ...# #...#
.. ...# #.... #..##


You could see an ogre.

Vanquished Creatures
  Menkaure (D:5)
  A sky beast (D:5)
  An ogre (D:5)
  A phantom (D:4)
  2 centaurs (D:5)
  2 bullfrogs
  A crimson imp (D:4)
  A bullfrog zombie (D:5)
  4 hounds
  A jelly (D:5)
  A centaur skeleton (D:4)
  A bullfrog skeleton (D:6)
  2 orc wizards
  4 worker ants
  A howler monkey skeleton (D:5)
  6 adders
  A white imp (D:4)
  4 oozes
  An adder zombie (D:5)
  2 worms (D:2)
  2 dart slugs
  4 leopard geckos
  9 orcs
  5 ball pythons
  11 goblins
  5 hobgoblins
  8 jackals
  9 kobolds
  4 quokkas
  9 bats
  4 frilled lizards
  3 leopard gecko skeletons
  7 rats
118 creatures vanquished.

Notes
Turn   | Place    | Note
-------+----------+-------------------------------------------
     0 | D:1      | Kisielow the Minotaur Fighter began the quest for the Orb.
     0 | D:1      | Reached XP level 1. HP: 19/19 MP: 0/0
    57 | D:1      | Reached skill level 3 in Long Blades
    64 | D:1      | Reached XP level 2. HP: 23/26 MP: 1/1
   176 | D:1      | Reached skill level 4 in Long Blades
   339 | D:1      | Reached XP level 3. HP: 31/31 MP: 2/2
   737 | D:2      | Reached skill level 5 in Long Blades
   776 | D:2      | Reached XP level 4. HP: 37/40 MP: 3/3
  1778 | D:3      | Reached XP level 5. HP: 27/46 MP: 4/4
  2120 | D:3      | Reached skill level 6 in Long Blades
  2420 | D:4      | Reached XP level 6. HP: 44/53 MP: 5/5
  2536 | D:4      | Found a basalt altar of Yredelemnul.
  2737 | D:4      | Found an opulent altar of Gozag.
  3040 | D:4      | Found the +3 Elemental Staff {rElec rF++ rC++ MR++ AC+5}
  3148 | D:4      | Reached skill level 7 in Long Blades
  3148 | D:4      | Reached skill level 5 in Shields
  3148 | D:4      | Reached XP level 7. HP: 53/60 MP: 6/6
  3404 | D:5      | Entered Level 5 of the Dungeon
  3414 | D:5      | Reached skill level 5 in Fighting
  3414 | D:5      | Reached skill level 5 in Armour
  3510 | D:5      | Noticed Menkaure
  3516 | D:5      | Killed Menkaure
  3719 | D:5      | Found a radiant altar of Vehumet.
  3864 | D:5      | Reached skill level 8 in Long Blades
  3910 | D:5      | Reached XP level 8. HP: 35/70 MP: 7/7
  4381 | D:6      | Found a deep blue altar of Sif Muna.
  4439 | D:6      | Slain by an ogre

Skill      XL: |  1  2  3  4  5  6  7  8 |
---------------+-------------------------+-----
Long Blades    | 3 4 5 6 7 8 |  8.8
Fighting       | 4 5 6 |  6.2
Armour         | 4 5 6 |  6.1
Shields        | 4 5 6 |  6.2

Action                   |  1- 3 |  4- 6 |  7- 9 || total
-------------------------+-------+-------+-------++-------
Melee: Long sword        |    71 |   206 |    93 ||   370
       Headbutt          |    13 |    33 |    20 ||    66
  Use: Scroll            |       |     8 |       ||     8
       Potion            |       |       |     1 ||     1
  Eat: Chunk             |       |     7 |     5 ||    12
Armor: Scale mail        |    25 |    76 |    40 ||   141
Dodge: Dodged            |    18 |    39 |    13 ||    70
Block: Shield            |    25 |   107 |    58 ||   190
       Rpst.: Long sword |     8 |     5 |     1 ||    14
